 Dungeon Crawl Stone Soup version 0.21-a0-442-g848f44b (webtiles) character file.

1402 esteth the Destroyer (level 8, -8/41 HPs)
             Began as a Deep Elf Fire Elementalist on Nov 12, 2017.
             Was a Believer of Vehumet.
             Mangled by a troll (12 damage)
             ... on level 7 of the Dungeon.
             The game lasted 00:22:02 (7329 turns).

esteth the Destroyer (Deep Elf Fire Elementalist)   Turns: 7329, Time: 00:22:03

Health: -8/41      AC:  4    Str:  5    XL:     8   Next: 42%
Magic:  5/16       EV: 13    Int: 23    God:    Vehumet [**....]
Gold:   442        SH:  5    Dex: 15    Spells: 2/16 levels left

rFire    . . .     SeeInvis .   l - +0 trident
rCold    . . .     Gourm    .   (no shield)
rNeg     . . .     Faith    .   a - +0 robe
rPois    .         Spirit   .   (no helmet)
rElec    .         Reflect  +   (no cloak)
rCorr    .         Harm     .   q - +0 pair of gloves
MR       .....                  p - +0 pair of boots
Stlth    ++........             x - +5 amulet of reflection
HPRegen  0.13/turn              i - ring of fire
MPRegen  0.15/turn              F - ring of ice

@: no status effects
A: no striking features
a: Renounce Religion


You were on level 7 of the Dungeon.
You worshipped Vehumet.
Vehumet was pleased with you.
You were not hungry.

You visited 1 branch of the dungeon, and saw 7 of its levels.
You also visited: Ossuary.

You collected 442 gold pieces.

Inventory:

Hand Weapons
 l - a +0 trident (weapon)
Armour
 a - a +0 robe (worn)
 p - a +0 pair of boots (worn)
 q - a +0 pair of gloves (worn)
Jewellery
 i - a ring of fire (left hand)
 x - a +5 amulet of reflection (around neck)
 y - an uncursed amulet of regeneration
 F - a ring of ice (right hand)
Wands
 A - a wand of polymorph (4/24)
Scrolls
 d - 2 scrolls of identify
 e - 3 scrolls of remove curse
 m - 2 scrolls of magic mapping
 r - 2 scrolls of amnesia {unknown}
 t - 2 scrolls of teleportation {unknown}
 u - 2 scrolls of fog
 v - 2 scrolls of enchant weapon
 B - 2 scrolls of fear
Potions
 f - 2 potions of brilliance {unknown}
 g - a potion of mutation {unknown}
 h - a potion of haste {unknown}
 n - 2 potions of flight {unknown}
 w - a potion of agility {unknown}
 z - a potion of magic {unknown}
 C - a potion of degeneration {unknown}
 D - a potion of might {unknown}
Books
 b - a book of Flames

   Spells                             Type                      Level
   a - Flame Tongue                   Conjuration/Fire             1
   b - Throw Flame                    Conjuration/Fire             2
   c - Conjure Flame                  Conjuration/Fire             3
   d - Inner Flame                    Hexes/Fire                   3
   e - Sticky Flame                   Conjuration/Fire             4
   f - Fireball                       Conjuration/Fire             5
 o - a book of Misfortune

   Spells                             Type                      Level
   a - Confusing Touch                Hexes                        1
   b - Confuse                        Hexes                        3
   c - Gell's Gravitas                Translocation                3
   d - Petrify                        Transmutation/Earth          4
   e - Metabolic Englaciation         Hexes/Ice                    5
   f - Yara's Violent Unravelling     Hexes/Transmutation          5
Comestibles
 c - a bread ration
 j - 3 royal jellies
 s - a meat ration


   Skills:
 - Level 2.4 Dodging
 - Level 2.4 Stealth
 + Level 4.5 Spellcasting
 + Level 8.2 Conjurations
 + Level 8.1 Fire Magic


You had 2 spell levels left.
You knew the following spells:

 Your Spells              Type           Power        Failure   Level  Hunger
a - Flame Tongue          Conj/Fire      #####        1%          1    None
b - Conjure Flame         Conj/Fire      ######..     1%          3    ##.....
c - Sticky Flame          Conj/Fire      ######..     3%          4    ####...
d - Fireball              Conj/Fire      ######....   10%         5    #####..
e - Freeze                Ice            #...         10%         1    None


Dungeon Overview and Level Annotations

Branches:
Dungeon (7/15)             Temple (0/1) D:5

Altars:
Cheibriados
Elyvilon
Makhleb
Sif Muna
Uskayaw
Vehumet
Yredelemnul
The Shining One

Annotations:
D:2 exclusion: downstairs
D:6 exclusion: downstairs


Message History

Confirm with . or Enter, or press ? or * to list all spells.
Aiming: Sticky Flame
Press: ? - help, Shift-Dir - straight line, f/p - troll
Aim: a troll (heavily wounded, covered in liquid flames)
You feel a surge of power!
The sticky flame hits the troll.
The troll is severely wounded.
The troll is covered in liquid flames!
The hound barks!
The troll burns!
The adder bites you but does no damage. The troll bites you.
* * * LOW HITPOINT WARNING * * *
The troll claws you.
* * * LOW HITPOINT WARNING * * *
The troll claws you.
* * * LOW HITPOINT WARNING * * *
You feel better.
The troll burns!
The adder barely misses you. You block the worker ant's attack.
The troll completely misses you. The troll claws you!
* * * LOW HITPOINT WARNING * * *
The troll claws you!
You die...

. ).>..####
#.##.......#
.#...$.!..#
.(.......#
........ .....# #
########...#
#...##..S......#
.#
#.h....@T.<..#.#
.#
......a#####.#...
.# ......$
#.#.##.# .#
....... #..s. ..
.# #...### ###..
.. .# #..) ### #
.## #.. <.## ##
##o##


You could see a troll (burning), a hound, a worker ant and an adder.

Vanquished Creatures
  A sky beast (D:5)
  2 ice beasts (D:5)
  An ogre (D:6)
  A bullfrog (D:6)
  2 scorpions
  2 howler monkeys
  A crimson imp (D:5)
  A jelly (D:6)
  4 hounds
  4 orc wizards
  Natasha (thrice) (D:3)
  3 worker ants
  Robin (D:3)
  12 gnolls
  4 adders
  A shadow imp (D:5)
  An ooze (D:3)
  2 adder skeletons
  3 worms
  3 dart slugs
  3 leopard geckos (D:3)
  22 orcs
  4 spectral bats
  3 ball pythons
  12 giant cockroaches
  16 goblins
  9 hobgoblins
  8 jackals
  A quokka (D:2)
  11 bats
  4 frilled lizards
  3 goblin zombies (Ossuary)
  2 hobgoblin zombies (Ossuary)
  A jackal skeleton (D:4)
  10 kobolds
  3 kobold zombies (Ossuary)
  2 orc zombies (Ossuary)
  A quokka skeleton (D:3)
  5 rats
  4 spectral goblins
  A fungus (D:4)
177 creatures vanquished.

Notes
Turn   | Place    | Note
-------+----------+-------------------------------------------
     0 | D:1      | esteth the Deep Elf Fire Elementalist began the quest for the Orb.
     0 | D:1      | Reached XP level 1. HP: 10/10 MP: 6/6
   171 | D:1      | Reached XP level 2. HP: 15/15 MP: 1/8
   595 | D:1      | Reached XP level 3. HP: 19/19 MP: 6/9
   808 | D:1      | Learned a level 3 spell: Conjure Flame
  1882 | D:2      | Found a burning altar of Makhleb.
  1888 | D:2      | Reached XP level 4. HP: 16/24 MP: 3/10
  2091 | D:2      | Reached XP level 5. HP: 28/28 MP: 3/11
  2728 | D:3      | Noticed Natasha
  2731 | D:3      | Killed Natasha
  2747 | D:3      | Noticed Natasha
  2750 | D:3      | Killed Natasha
  2750 | D:3      | Reached skill level 5 in Conjurations
  2782 | D:3      | Noticed Robin
  3076 | D:3      | Reached skill level 5 in Fire Magic
  3099 | D:3      | Killed Robin
  3232 | D:3      | Noticed Natasha
  3234 | D:3      | Killed Natasha
  3234 | D:3      | Reached XP level 6. HP: 20/32 MP: 8/12
  3705 | D:3      | Learned a level 4 spell: Sticky Flame
  3758 | D:3      | Found a radiant altar of Vehumet.
  3758 | D:3      | Found a deep blue altar of Sif Muna.
  3759 | D:3      | Found a basalt altar of Yredelemnul.
  3766 | D:3      | Became a worshipper of Vehumet
  4088 | D:4      | Found a sand-covered staircase.
  4096 | Ossuary  | Entered an ossuary
  4652 | D:4      | Reached * piety under Vehumet
  4652 | D:4      | Offered knowledge of Freeze by Vehumet.
  4915 | D:4      | Reached XP level 7. HP: 31/36 MP: 9/15
  4962 | D:4      | Learned a level 5 spell: Fireball
  5236 | D:5      | Entered Level 5 of the Dungeon
  5246 | D:5      | Found a white marble altar of Elyvilon.
  5843 | D:5      | Found a glowing golden altar of the Shining One.
  5971 | D:4      | Learned a level 1 spell: Freeze
  6090 | D:5      | Found a staircase to the Ecumenical Temple.
  6095 | D:5      | Reached XP level 8. HP: 41/41 MP: 11/16
  6374 | D:6      | Offered knowledge of Shock by Vehumet.
  6374 | D:6      | Reached ** piety under Vehumet
  6679 | D:6      | Found a hide-covered altar of Uskayaw.
  6689 | D:6      | Found a snail-covered altar of Cheibriados.
  7315 | D:7      | Noticed a troll
  7328 | D:7      | HP: 2/41 [troll (2)]
  7329 | D:7      | Mangled by a troll

Vault maps used:
D:1:      nicolae_arrival_somewhat_less_tricky_arrival
D:2:      makhleb_blood_cavern_becter
D:3:      gammafunk_temple_overflow_forgotten, nicolae_overflow_hidden_temple,
          nrook_mini_vaults, uniq_natasha, uniq_robin
D:4:      lightli_ossuary_entry_decrepit_ruins, first_bread,
          minmay_gold_behind_fungi
D:5:      minmay_temple_entry_from_below_b, basic_altar,
          nicolae_tso_swordbearing_angel
D:6:      amethyst_overflow_temple_binary
D:7:      serial_shops, nicolae_shop_crystal
Ossuary:  ossuary_zaba_two_paths

Skill      XL: |  1  2  3  4  5  6  7  8 |
---------------+-------------------------+-----
Conjurations   | 2 3 4 5 6 7 8 |  8.2
Fire Magic     | 4 5 7 8 |  8.1
Spellcasting   | 4 |  4.5
Dodging        | |  2.4
Stealth        | |  2.4

Action                   |  1- 3 |  4- 6 |  7- 9 || total
-------------------------+-------+-------+-------++-------
Melee: Unarmed           |     6 |     8 |       ||    14
       Trident           |       |    67 |    81 ||   148
 Cast: Flame Tongue      |    73 |   168 |   111 ||   352
       Freeze            |       |       |     4 ||     4
       Sticky Flame      |       |       |     2 ||     2
       Fireball          |       |       |     1 ||     1
       Conjure Flame     |       |       |     1 ||     1
  Use: Scroll            |       |     5 |     3 ||     8
       Potion            |       |     1 |     2 ||     3
 Stab: Sleeping          |       |     2 |       ||     2
  Eat: Chunk             |     3 |     7 |     4 ||    14
       Royal jelly       |       |     1 |       ||     1
       Bread ration      |       |       |     1 ||     1
Armor: Robe              |     5 |    62 |    25 ||    92
Dodge: Dodged            |    26 |   158 |    77 ||   261
Block: Other             |       |       |     2 ||     2

Table legend:
 A = Spawn XP
 B = Non-spawn XP
 C = Spawn XP percentage of total XP
 D = Spawn monster count
 E = Non-spawn monster count
 F = Spawn count percentage of total count
 G = Total turns spent on level
                    A         B        C        D         E        F      G
               +---------+---------+-------+---------+---------+-------+---------
         Total |       0 |    2003 |   0.0 |       0 |     176 |   0.0 |  7329
               +---------+---------+-------+---------+---------+-------+---------
           D:1 |       0 |      62 |   0.0 |       0 |      28 |   0.0 |  1498
           D:2 |       0 |     166 |   0.0 |       0 |      27 |   0.0 |  1481
           D:3 |       0 |     229 |   0.0 |       0 |      47 |   0.0 |  1088
           D:4 |       0 |     290 |   0.0 |       0 |      22 |   0.0 |  1017
           D:5 |       0 |     742 |   0.0 |       0 |      17 |   0.0 |  1072
           D:6 |       0 |     444 |   0.0 |       0 |      17 |   0.0 |   966
           D:7 |       0 |      48 |   0.0 |       0 |       2 |   0.0 |    51
       Ossuary |       0 |      22 |   0.0 |       0 |      16 |   0.0 |   156
               +---------+---------+-------+---------+---------+-------+---------
